2680 views
Uploaded 2021-11-25 13:46:45
Game version 1.32.10
27:58 long 3on3 ladder game on (8)Battleground_LV
Saved by xzz
2680 views
Uploaded 2021-11-25 13:46:45
Game version 1.32.10
27:58 long 3on3 ladder game on (8)Battleground_LV


191 units @ 29.8k
/ 2.7k
36 buildings @ 5.9k
/ 1.9k

| Rod of Necromancy | 1 | 150 |
| total: | 1 | 150g |
| Acolyte | 3 | 225 | / | 0 |
| Ghoul | 10 | 1200 | / | 0 |
| Crypt Fiend | 13 | 2795 | / | 520 |
| Necromancer | 11 | 1595 | / | 220 |
| Obsidian Statue | 6 | 1200 | / | 210 |
| Forest Troll Shadow Priest | 1 | 195 | / | 10 |
| total: | 44 | 7210g | / | 960w |
| Nerubian Tower | 1 | 100 | / | 20 |
| Spirit Tower | 1 | 145 | / | 40 |
| Graveyard | 1 | 215 | / | 0 |
| Crypt | 1 | 200 | / | 50 |
| Altar of Darkness | 1 | 180 | / | 50 |
| Ziggurat | 7 | 1050 | / | 350 |
| Tomb of Relics | 1 | 130 | / | 30 |
| Temple of the Damned | 1 | 155 | / | 140 |
| Slaughterhouse | 1 | 140 | / | 135 |
| Halls of the Dead | 1 | 320 | / | 210 |
| total: | 13 | 2070g | / | 755w |
| 0:02 | Acolyte |
| 0:03 | Acolyte |
| 0:17 | Graveyard |
| 0:21 | Crypt |
| 0:45 | Altar of Darkness |
| 0:51 | Ziggurat |
| 1:14 | Ziggurat |
| 1:23 | Tomb of Relics |
| 1:33 | Ghoul |
| 1:54 | Crypt Fiend |
| 2:17 | Crypt Fiend |
| 2:46 | Crypt Fiend |
| 2:54 | Rod of Necromancy |
| 3:03 | Death Coil |
| 3:18 | Crypt Fiend |
| 3:40 | Ziggurat |
| 4:31 | Nerubian Tower |
| 4:45 | Ghoul |
| 4:45 | Crypt Fiend |
| 4:48 | Ghoul |
| 4:48 | Ghoul |
| 4:50 | Halls of the Dead |
| 5:19 | Creature Attack |
| 5:32 | Crypt Fiend |
| 6:52 | Unholy Aura |
| 7:11 | Acolyte |
| 7:14 | Temple of the Damned |
| 7:37 | Ghoul |
| 7:37 | Ghoul |
| 7:37 | Ghoul |
| 7:37 | Ghoul |
| 8:54 | Necromancer Adept Training |
| 9:07 | Slaughterhouse |
| 9:26 | Ghoul |
| 9:26 | Ghoul |
| 9:30 | Death Coil |
| 9:41 | Web |
| 9:51 | Necromancer |
| 10:18 | Obsidian Statue |
| 11:21 | Ziggurat |
| 11:37 | Skeletal Mastery |
| 12:12 | Unholy Aura |
| 12:22 | Forest Troll Shadow Priest |
| 12:34 | Necromancer |
| 12:34 | Necromancer |
| 12:37 | Obsidian Statue |
| 12:38 | Obsidian Statue |
| 12:40 | Crypt Fiend |
| 12:40 | Crypt Fiend |
| 12:42 | Improved Creature Attack |
| 13:03 | Necromancer |
| 13:03 | Necromancer |
| 13:07 | Ziggurat |
| 13:09 | Ziggurat |
| 13:09 | Ziggurat |
| 14:06 | Crypt Fiend |
| 14:07 | Crypt Fiend |
| 14:08 | Obsidian Statue |
| 14:09 | Necromancer |
| 14:09 | Necromancer |
| 14:12 | Unholy Aura |
| 14:54 | Crypt Fiend |
| 14:56 | Necromancer |
| 14:56 | Necromancer |
| 15:42 | Spirit Tower |
| 17:17 | Crypt Fiend |
| 17:17 | Crypt Fiend |
| 17:20 | Obsidian Statue |
| 17:20 | Obsidian Statue |
| 18:06 | Necromancer |
| 18:06 | Necromancer |
| Select group | 206 |
| Select | 205 |
| Right click | 189 |
| Misc. action | 136 |
| Build/train/purchase | 92 |
| Assign group | 57 |
| Use ability | 23 |
| Remove unit | 4 |
| Minimap ping | 2 |

| Wisp | 16 | 960 | / | 0 |
| Huntress | 17 | 3315 | / | 340 |
| Archer | 45 | 5850 | / | 450 |
| Troll Headhunter | 4 | 560 | / | 80 |
| Peon | 2 | 150 | / | 0 |
| Grunt | 27 | 5400 | / | 0 |
| Necromancer | 9 | 1305 | / | 180 |
| Ghoul | 1 | 120 | / | 0 |
| Crypt Fiend | 15 | 3225 | / | 600 |
| Obsidian Statue | 2 | 400 | / | 70 |
| total: | 138 | 21285g | / | 1720w |
| Altar of Elders | 1 | 180 | / | 50 |
| Moon Well | 6 | 1080 | / | 240 |
| Hunter's Hall | 1 | 210 | / | 100 |
| Ancient of War | 2 | 300 | / | 120 |
| Tree of Ages | 1 | 320 | / | 180 |
| Tree of Eternity | 2 | 660 | / | 400 |
| Barracks | 1 | 180 | / | 50 |
| Orc Burrow | 4 | 640 | / | 160 |
| total: | 15 | 2590g | / | 720w |
| 0:04 | Wisp |
| 0:04 | Wisp |
| 0:04 | Wisp |
| 0:10 | Altar of Elders |
| 0:13 | Moon Well |
| 0:17 | Wisp |
| 0:37 | Wisp |
| 0:55 | Wisp |
| 1:11 | Hunter's Hall |
| 1:28 | Wisp |
| 1:41 | Ancient of War |
| 1:47 | Wisp |
| 1:48 | Wisp |
| 1:54 | Wisp |
| 2:06 | Ancient of War |
| 2:23 | Moon Well |
| 2:25 | Shadow Strike |
| 2:29 | Wisp |
| 2:29 | Wisp |
| 2:35 | Wisp |
| 2:49 | Ultravision |
| 3:02 | Moon Well |
| 3:17 | Huntress |
| 3:18 | Huntress |
| 3:37 | Huntress |
| 3:51 | Strength of the Moon |
| 4:09 | Huntress |
| 4:09 | Huntress |
| 4:28 | Huntress |
| 4:28 | Huntress |
| 4:49 | Huntress |
| 4:49 | Huntress |
| 5:25 | Moon Armor |
| 5:33 | Huntress |
| 5:42 | Wisp |
| 5:42 | Wisp |
| 5:59 | Moon Well |
| 6:03 | Wisp |
| 6:16 | Huntress |
| 6:16 | Huntress |
| 6:32 | Blink |
| 6:52 | Huntress |
| 6:55 | Huntress |
| 6:56 | Huntress |
| 7:17 | Moon Well |
| 7:33 | Huntress |
| 9:06 | Shadow Strike |
| 9:15 | Huntress |
| 9:17 | Tree of Ages |
| 9:29 | Archer |
| 9:29 | Archer |
| 9:29 | Archer |
| 9:29 | Archer |
| 9:29 | Archer |
| 9:58 | Archer |
| 10:07 | Moon Well |
| 10:20 | Archer |
| 10:33 | Archer |
| 11:33 | Archer |
| 11:34 | Archer |
| 11:34 | Archer |
| 11:44 | Improved Bows |
| 11:46 | Improved Strength of the Moon |
| 12:02 | Troll Headhunter |
| 12:02 | Troll Headhunter |
| 12:02 | Troll Headhunter |
| 12:02 | Troll Headhunter |
| 12:05 | Peon |
| 12:06 | Peon |
| 12:13 | Tree of Eternity |
| 12:28 | Grunt |
| 12:28 | Grunt |
| 12:37 | Barracks |
| 12:40 | Orc Burrow |
| 12:45 | Grunt |
| 12:45 | Grunt |
| 12:46 | Grunt |
| 12:46 | Grunt |
| 12:50 | Archer |
| 12:51 | Archer |
| 12:51 | Archer |
| 13:17 | Steel Armor |
| 13:17 | Thorium Armor |
| 13:21 | Grunt |
| 13:22 | Grunt |
| 13:27 | Archer |
| 13:28 | Archer |
| 13:28 | Archer |
| 14:08 | Archer |
| 14:09 | Archer |
| 14:21 | Grunt |
| 14:21 | Grunt |
| 14:21 | Grunt |
| 14:25 | Orc Burrow |
| 14:26 | Steel Melee Weapons |
| 14:26 | Thorium Melee Weapons |
| 14:42 | Blink |
| 14:46 | Marksmanship |
| 14:51 | Advanced Strength of the Moon |
| 14:58 | Grunt |
| 14:58 | Grunt |
| 15:35 | Improved Moon Armor |
| 15:48 | Arcanite Armor |
| 16:41 | Archer |
| 16:41 | Archer |
| 16:41 | Archer |
| 16:52 | Shadow Strike |
| 17:19 | Grunt |
| 17:19 | Grunt |
| 17:19 | Grunt |
| 17:46 | Spirit of Vengeance |
| 18:08 | Fan of Knives |
| 18:25 | Grunt |
| 18:25 | Grunt |
| 18:33 | Archer |
| 18:33 | Archer |
| 18:33 | Archer |
| 18:33 | Archer |
| 18:33 | Archer |
| 18:34 | Archer |
| 18:52 | Necromancer |
| 18:52 | Necromancer |
| 18:52 | Necromancer |
| 18:52 | Necromancer |
| 18:53 | Necromancer |
| 19:18 | Ghoul |
| 19:37 | Archer |
| 19:41 | Grunt |
| 19:41 | Grunt |
| 19:41 | Grunt |
| 20:12 | Crypt Fiend |
| 20:12 | Crypt Fiend |
| 20:15 | Necromancer |
| 20:15 | Necromancer |
| 20:15 | Necromancer |
| 20:16 | Necromancer |
| 20:26 | Archer |
| 20:26 | Archer |
| 20:26 | Archer |
| 20:38 | Reinforced Defenses |
| 21:00 | Archer |
| 21:48 | Archer |
| 21:48 | Archer |
| 21:48 | Archer |
| 23:03 | Archer |
| 23:03 | Archer |
| 23:03 | Archer |
| 23:03 | Archer |
| 23:15 | Crypt Fiend |
| 23:15 | Crypt Fiend |
| 23:15 | Crypt Fiend |
| 23:16 | Crypt Fiend |
| 23:16 | Crypt Fiend |
| 23:16 | Crypt Fiend |
| 23:16 | Crypt Fiend |
| 23:16 | Crypt Fiend |
| 23:23 | Orc Burrow |
| 23:26 | Orc Burrow |
| 23:50 | Animate Dead |
| 24:02 | Fan of Knives |
| 24:17 | Feral Spirit |
| 24:17 | Feral Spirit |
| 24:20 | Chain Lighting |
| 24:41 | Chain Lighting |
| 24:48 | Fan of Knives |
| 25:03 | Blink |
| 25:27 | Archer |
| 25:27 | Archer |
| 25:28 | Archer |
| 25:28 | Archer |
| 25:28 | Archer |
| 25:31 | Grunt |
| 25:31 | Grunt |
| 25:31 | Grunt |
| 25:31 | Grunt |
| 25:31 | Grunt |
| 25:31 | Grunt |
| 25:40 | Crypt Fiend |
| 25:40 | Crypt Fiend |
| 25:40 | Crypt Fiend |
| 25:40 | Crypt Fiend |
| 25:40 | Crypt Fiend |
| 26:47 | Obsidian Statue |
| 26:48 | Obsidian Statue |
| 27:37 | Earth Quake |
| Right click | 1326 |
| Select | 654 |
| Build/train/purchase | 218 |
| Misc. action | 93 |
| Select group | 58 |
| Use ability | 53 |
| Resource trade | 20 |
| Assign group | 17 |
| Esc | 5 |
| Minimap ping | 2 |
| Remove unit | 1 |

| Peon | 3 | 225 | / | 0 |
| Grunt | 4 | 800 | / | 0 |
| Troll Headhunter | 2 | 280 | / | 40 |
| total: | 9 | 1305g | / | 40w |
| Watch Tower | 2 | 220 | / | 160 |
| Altar of Storms | 1 | 180 | / | 50 |
| Barracks | 1 | 180 | / | 50 |
| War Mill | 1 | 205 | / | 0 |
| Orc Burrow | 3 | 480 | / | 120 |
| Stronghold | 1 | 315 | / | 190 |
| total: | 8 | 1265g | / | 380w |
| 0:26 | Altar of Storms |
| 0:36 | Barracks |
| 0:42 | Peon |
| 0:42 | Peon |
| 0:43 | Peon |
| 1:09 | War Mill |
| 1:44 | Orc Burrow |
| 3:30 | Watch Tower |
| 3:38 | Grunt |
| 3:38 | Grunt |
| 3:39 | Grunt |
| 3:39 | Grunt |
| 3:46 | Chain Lighting |
| 5:07 | Orc Burrow |
| 6:10 | Stronghold |
| 6:14 | Troll Headhunter |
| 6:14 | Troll Headhunter |
| 8:45 | Feral Spirit |
| 9:23 | Orc Burrow |
| 9:29 | Watch Tower |
| 9:42 | Troll Regeneration |
| 10:15 | Berserker Strength |
| 11:15 | Steel Melee Weapons |
| 11:28 | Pillage |
| Select | 52 |
| Right click | 37 |
| Build/train/purchase | 18 |
| Use ability | 4 |
145 units @ 20.5k
/ 2.8k
52 buildings @ 8.8k
/ 4k


| Healing Salve | 2 | 200 |
| Scroll of Speed | 2 | 100 |
| Lesser Clarity Potion | 4 | 280 |
| Potion of Mana | 1 | 200 |
| Potion of Healing | 1 | 150 |
| Dust of Appearance | 1 | 75 |
| Circlet of Nobility | 1 | 175 |
| Boots of Speed | 1 | 250 |
| total: | 13 | 1430g |
| Peon | 41 | 3075 | / | 0 |
| Grunt | 5 | 1000 | / | 0 |
| Spirit Walker | 11 | 2145 | / | 385 |
| Troll Headhunter | 1 | 140 | / | 20 |
| Demolisher | 3 | 660 | / | 150 |
| Shaman | 2 | 260 | / | 40 |
| total: | 63 | 7280g | / | 595w |
| Watch Tower | 3 | 330 | / | 240 |
| Altar of Storms | 2 | 360 | / | 100 |
| Orc Burrow | 8 | 1280 | / | 320 |
| Barracks | 2 | 360 | / | 100 |
| Voodoo Lounge | 1 | 130 | / | 30 |
| War Mill | 1 | 205 | / | 0 |
| Great Hall | 1 | 385 | / | 185 |
| Tauren Totem | 2 | 270 | / | 310 |
| Spirit Lodge | 2 | 300 | / | 300 |
| Stronghold | 1 | 315 | / | 190 |
| total: | 22 | 3620g | / | 1585w |
| 0:02 | Peon |
| 0:03 | Peon |
| 0:08 | Altar of Storms |
| 0:20 | Orc Burrow |
| 0:35 | Barracks |
| 0:39 | Peon |
| 0:40 | Peon |
| 0:57 | Peon |
| 1:04 | Peon |
| 1:14 | Peon |
| 1:28 | Orc Burrow |
| 1:39 | Grunt |
| 1:45 | Peon |
| 1:45 | Peon |
| 2:07 | Peon |
| 2:11 | Feral Spirit |
| 2:38 | Stronghold |
| 2:42 | Voodoo Lounge |
| 3:20 | Orc Burrow |
| 3:22 | Grunt |
| 3:42 | War Mill |
| 4:13 | Grunt |
| 5:00 | Dust of Appearance |
| 5:01 | Circlet of Nobility |
| 5:02 | Boots of Speed |
| 5:38 | Grunt |
| 5:44 | Tauren Totem |
| 6:12 | Chain Lighting |
| 6:40 | Healing Salve |
| 6:40 | Healing Salve |
| 6:41 | Scroll of Speed |
| 6:41 | Lesser Clarity Potion |
| 6:41 | Potion of Mana |
| 6:51 | Grunt |
| 7:05 | War Stomp |
| 7:08 | Spirit Walker |
| 7:08 | Spirit Walker |
| 7:37 | Spirit Lodge |
| 7:38 | Steel Armor |
| 7:51 | Reinforced Defenses |
| 8:33 | Potion of Healing |
| 9:12 | Peon |
| 9:12 | Peon |
| 9:29 | Peon |
| 9:55 | Peon |
| 10:07 | Orc Burrow |
| 11:03 | Peon |
| 11:03 | Peon |
| 11:03 | Peon |
| 11:13 | Feral Spirit |
| 11:36 | Orc Burrow |
| 12:06 | Peon |
| 12:06 | Peon |
| 12:32 | Peon |
| 12:33 | Peon |
| 12:50 | Peon |
| 12:50 | Peon |
| 13:07 | Peon |
| 13:14 | Scroll of Speed |
| 13:33 | Peon |
| 13:33 | Peon |
| 14:40 | Lesser Clarity Potion |
| 14:40 | Lesser Clarity Potion |
| 14:44 | Lesser Clarity Potion |
| 14:47 | Peon |
| 14:47 | Peon |
| 14:49 | Orc Burrow |
| 14:59 | Troll Headhunter |
| 15:27 | Spirit Walker Adept Training |
| 15:32 | Tauren Totem |
| 15:35 | Watch Tower |
| 15:41 | Watch Tower |
| 15:47 | Spirit Walker |
| 16:15 | Watch Tower |
| 16:26 | Spirit Walker |
| 18:08 | Peon |
| 18:08 | Peon |
| 19:02 | Peon |
| 19:02 | Peon |
| 19:21 | Altar of Storms |
| 19:40 | Peon |
| 19:46 | Peon |
| 20:00 | Peon |
| 20:16 | Peon |
| 20:36 | Spirit Walker |
| 20:36 | Spirit Walker |
| 20:53 | Orc Burrow |
| 21:01 | Peon |
| 21:18 | Peon |
| 21:40 | Barracks |
| 22:37 | Great Hall |
| 23:37 | Spirit Walker |
| 24:01 | Spirit Walker |
| 24:07 | Demolisher |
| 24:15 | Chain Lighting |
| 24:21 | Endurance Aura |
| 25:14 | Peon |
| 25:14 | Peon |
| 25:14 | Peon |
| 25:17 | Spirit Walker |
| 25:19 | Demolisher |
| 25:55 | Spirit Walker |
| 26:17 | Endurance Aura |
| 26:17 | Shockwave |
| 27:04 | Orc Burrow |
| 27:18 | Spirit Lodge |
| 27:20 | Spirit Walker |
| 27:22 | Shaman |
| 27:22 | Shaman |
| 27:34 | Demolisher |
| Right click | 1698 |
| Select | 562 |
| Select group | 270 |
| Build/train/purchase | 201 |
| Misc. action | 170 |
| Use ability | 84 |
| Chat | 74 |
| Minimap ping | 48 |
| Assign group | 44 |
| Item give/drop | 8 |
| Esc | 6 |
| Remove unit | 1 |


| Healing Salve | 2 | 200 |
| Lesser Clarity Potion | 1 | 70 |
| Scroll of Speed | 1 | 50 |
| Scroll of Town Portal | 3 | 1050 |
| Periapt of Vitality | 2 | 650 |
| total: | 9 | 2020g |
| Peon | 7 | 525 | / | 0 |
| Grunt | 6 | 1200 | / | 0 |
| Tauren | 13 | 3640 | / | 1040 |
| Shaman | 12 | 1560 | / | 240 |
| Troll Headhunter | 1 | 140 | / | 20 |
| total: | 39 | 7065g | / | 1300w |
| Altar of Storms | 1 | 180 | / | 50 |
| Orc Burrow | 5 | 800 | / | 200 |
| Barracks | 1 | 180 | / | 50 |
| Voodoo Lounge | 2 | 260 | / | 60 |
| War Mill | 1 | 205 | / | 0 |
| Tauren Totem | 2 | 270 | / | 310 |
| Spirit Lodge | 2 | 300 | / | 300 |
| Stronghold | 1 | 315 | / | 190 |
| Fortress | 1 | 325 | / | 190 |
| total: | 14 | 2195g | / | 970w |
| 0:09 | Peon |
| 0:09 | Peon |
| 0:12 | Altar of Storms |
| 0:16 | Orc Burrow |
| 0:18 | Peon |
| 0:58 | Barracks |
| 1:11 | Peon |
| 1:11 | Peon |
| 1:37 | Peon |
| 1:37 | Peon |
| 1:55 | Orc Burrow |
| 2:01 | Voodoo Lounge |
| 2:06 | Voodoo Lounge |
| 2:25 | Wind Walk |
| 2:40 | Grunt |
| 2:53 | Periapt of Vitality |
| 3:19 | Periapt of Vitality |
| 3:38 | Grunt |
| 3:57 | Stronghold |
| 5:16 | Grunt |
| 5:17 | Grunt |
| 5:28 | Healing Salve |
| 5:29 | Healing Salve |
| 5:33 | Lesser Clarity Potion |
| 5:58 | War Mill |
| 6:38 | Mirror Image |
| 6:52 | Tauren Totem |
| 6:54 | Fortress |
| 6:57 | Tauren Totem |
| 7:27 | Orc Burrow |
| 7:59 | Grunt |
| 7:59 | Grunt |
| 8:26 | Scroll of Speed |
| 8:36 | Scroll of Town Portal |
| 8:45 | Healing Wave |
| 9:17 | Tauren |
| 9:25 | Spirit Lodge |
| 9:31 | Critical Strike |
| 9:36 | Orc Burrow |
| 10:13 | Orc Burrow |
| 10:23 | Steel Melee Weapons |
| 10:24 | Steel Armor |
| 10:31 | Hex |
| 10:43 | Shaman Adept Training |
| 11:12 | Tauren |
| 11:22 | Spirit Lodge |
| 11:34 | Tauren |
| 11:54 | Shaman Master Training |
| 13:00 | Shaman |
| 13:00 | Shaman |
| 13:00 | Shaman |
| 13:52 | Serpent Ward |
| 13:59 | Critical Strike |
| 14:27 | Shaman |
| 14:27 | Shaman |
| 14:30 | Tauren |
| 14:30 | Tauren |
| 14:31 | Tauren |
| 14:32 | Tauren |
| 14:51 | Shaman |
| 14:51 | Shaman |
| 15:33 | Thorium Armor |
| 16:00 | Scroll of Town Portal |
| 17:04 | Tauren |
| 17:05 | Pulverize |
| 17:42 | Healing Wave |
| 17:53 | Critical Strike |
| 18:16 | Shaman |
| 18:17 | Shaman |
| 18:18 | Tauren |
| 18:20 | Tauren |
| 18:50 | Tauren |
| 19:15 | Scroll of Town Portal |
| 20:15 | Thorium Melee Weapons |
| 20:37 | Tauren |
| 21:07 | Tauren |
| 21:29 | Troll Headhunter |
| 23:35 | Shaman |
| 23:35 | Shaman |
| 23:35 | Shaman |
| 24:49 | Bladestorm |
| Select group | 457 |
| Right click | 300 |
| Select | 263 |
| Misc. action | 253 |
| Chat | 151 |
| Build/train/purchase | 87 |
| Assign group | 35 |
| Use ability | 30 |
| Minimap ping | 5 |
| Item give/drop | 2 |

| Lesser Clarity Potion | 4 | 280 |
| Potion of Healing | 3 | 450 |
| Potion of Mana | 1 | 200 |
| Orb of Venom | 1 | 325 |
| Scroll of Town Portal | 3 | 1050 |
| Scroll of Speed | 1 | 50 |
| Healing Salve | 3 | 300 |
| total: | 16 | 2655g |
| Wisp | 12 | 720 | / | 0 |
| Archer | 16 | 2080 | / | 160 |
| Hippogryph | 8 | 1280 | / | 160 |
| Dryad | 2 | 290 | / | 120 |
| Mountain Giant | 5 | 1750 | / | 500 |
| total: | 43 | 6120g | / | 940w |
| Altar of Elders | 1 | 180 | / | 50 |
| Moon Well | 6 | 1080 | / | 240 |
| Ancient of War | 1 | 150 | / | 60 |
| Hunter's Hall | 1 | 210 | / | 100 |
| Ancient of Wonders | 1 | 90 | / | 30 |
| Tree of Life | 2 | 680 | / | 370 |
| Ancient of Wind | 2 | 300 | / | 280 |
| Ancient of Lore | 2 | 310 | / | 290 |
| Tree of Ages | 1 | 320 | / | 180 |
| Tree of Eternity | 1 | 330 | / | 200 |
| total: | 16 | 3000g | / | 1420w |
| 0:07 | Wisp |
| 0:07 | Wisp |
| 0:09 | Altar of Elders |
| 0:11 | Moon Well |
| 0:38 | Ancient of War |
| 0:40 | Wisp |
| 0:49 | Wisp |
| 1:04 | Wisp |
| 1:30 | Moon Well |
| 1:32 | Wisp |
| 1:39 | Archer |
| 1:58 | Archer |
| 2:13 | Archer |
| 2:16 | Wisp |
| 2:20 | Shadow Strike |
| 2:25 | Archer |
| 2:55 | Tree of Ages |
| 3:07 | Archer |
| 3:27 | Hunter's Hall |
| 3:32 | Blink |
| 3:47 | Moon Well |
| 4:16 | Archer |
| 5:18 | Ancient of Wind |
| 5:23 | Ancient of Wind |
| 5:28 | Wisp |
| 5:28 | Wisp |
| 5:28 | Wisp |
| 6:36 | Hippogryph |
| 6:38 | Archer |
| 6:38 | Archer |
| 6:43 | Ancient of Lore |
| 6:45 | Wisp |
| 6:46 | Wisp |
| 6:58 | Ancient of Lore |
| 7:04 | Archer |
| 7:05 | Archer |
| 7:49 | Hippogryph |
| 8:06 | Shadow Strike |
| 8:18 | Ancient of Wonders |
| 8:39 | Dryad |
| 8:39 | Dryad |
| 9:07 | Scroll of Speed |
| 9:09 | Scroll of Town Portal |
| 9:14 | Lesser Clarity Potion |
| 9:15 | Healing Salve |
| 10:24 | Mountain Giant |
| 10:29 | Moon Well |
| 10:49 | Potion of Healing |
| 10:59 | Strength of the Moon |
| 11:07 | Improved Bows |
| 11:43 | Hippogryph |
| 11:47 | Moon Well |
| 11:50 | Tree of Eternity |
| 12:27 | Tree of Life |
| 12:47 | Moon Armor |
| 12:53 | Mountain Giant |
| 14:04 | Blink |
| 14:35 | Mountain Giant |
| 14:40 | Archer |
| 14:41 | Archer |
| 15:10 | Lesser Clarity Potion |
| 15:18 | Hippogryph |
| 15:25 | Archer |
| 15:32 | Hardened Skin |
| 15:49 | Hippogryph |
| 17:20 | Shadow Strike |
| 17:58 | Mountain Giant |
| 18:01 | Hippogryph |
| 18:03 | Archer |
| 18:04 | Archer |
| 18:04 | Archer |
| 18:07 | Spirit of Vengeance |
| 18:15 | Well Spring |
| 18:39 | Scroll of Town Portal |
| 19:06 | Potion of Mana |
| 19:46 | Blink |
| 20:06 | Moon Well |
| 20:12 | Healing Salve |
| 20:13 | Healing Salve |
| 20:22 | Lesser Clarity Potion |
| 21:08 | Hippogryph |
| 21:36 | Orb of Venom |
| 22:08 | Hippogryph |
| 22:43 | Scroll of Town Portal |
| 25:01 | Tree of Life |
| 25:15 | Lesser Clarity Potion |
| 25:15 | Potion of Healing |
| 25:19 | Mountain Giant |
| 25:25 | Fan of Knives |
| 25:52 | Potion of Healing |
| Right click | 1273 |
| Select | 399 |
| Chat | 207 |
| Select group | 173 |
| Build/train/purchase | 152 |
| Use ability | 69 |
| Assign group | 37 |
| Minimap ping | 7 |
| Item give/drop | 1 |